 Dungeon Crawl Stone Soup version 0.25-a0-35-g747a2b3c0c (webtiles) character file.

Game seed: 17104730316780432334, levelgen mode: deterministic

10 Chiseanne the Magician (level 2, 13/19 HPs)
             Began as a Demonspawn Wizard on Oct 19, 2019.
             Quit the game on level 1 of the Dungeon.
             The game lasted 00:00:45 (454 turns).

Chiseanne the Magician (Demonspawn Wizard)           Turns: 454, Time: 00:00:46

Health: 13/19      AC:  2    Str: 12    XL:     2   Next: 10%
Magic:  2/6        EV: 12    Int: 19    God:
Gold:   12         SH:  0    Dex: 11    Spells: 6/7 levels left

rFire    . . .     SeeInvis .   e - +0 whip
rCold    . . .     Gourm    .   (no shield)
rNeg     . . .     Faith    .   a - +0 robe
rPois    .         Spirit   .   b - +0 hat
rElec    .         Reflect  .   (no cloak)
rCorr    .         Harm     .   (no gloves)
MR       .....                  (no boots)
Stlth    ++........             (no amulet)
HPRegen  0.06/turn              (no ring)
MPRegen  0.10/turn              (no ring)

@: mighty
A: horns 1
a: no special abilities


You were on level 1 of the Dungeon.
You were not hungry.

You visited 1 branch of the dungeon, and saw 1 of its levels.

You collected 12 gold pieces.

Inventory:

Hand Weapons
 e - a +0 whip (weapon)
 g - a +0 dagger
 m - a +0 club
Missiles
 h - 33 stones (quivered)
Armour
 a - a +0 robe (worn)
 b - a +0 hat (worn)
Jewellery
 c - a +2 ring of dexterity {unknown}
Scrolls
 i - a scroll of remove curse {unknown}
 k - a scroll of identify {unknown}
 l - a scroll of random uselessness {unknown}
Potions
 j - a potion of brilliance {unknown}
Comestibles
 d - 2 rations


   Skills:
 - Level 1.7 Dodging
 - Level 1.7 Stealth
 * Level 3.2 Spellcasting
 * Level 1.6 Conjurations
   Level 1.0 Summonings
   Level 0.8 Translocations


You had 6 spell levels left.
You knew the following spells:

 Your Spells              Type           Power        Failure   Level  Hunger
a - Magic Dart            Conj           #...         8%          1    None

Your spell library contained the following spells:

 Spells                   Type           Power        Failure   Level  Hunger
 Blink                    Tloc           N/A          16%         2    ##.....
 Call Imp                 Summ           #.......     16%         2    ##.....
 Slow                     Hex            #.......     22%         2    ##.....
 Conjure Flame            Conj/Fire      #.......     32%         3    ###....
 Mephitic Cloud           Conj/Pois/Air  #.......     34%         3    ###....


Dungeon Overview and Level Annotations

Branches:
Dungeon (1/15)

Altars:


Innate Abilities, Weirdness & Mutations

You have a pair of small horns on your head.


Message History

The bat misses you.
You closely miss the bat.
The bat is severely wounded.
The bat hits you.
You whack the bat!
You kill the bat!
You have reached level 2!
Your demonic ancestry asserts itself...
A pair of horns grows on your head!
You barely miss the goblin. You headbutt the goblin.
You kill the goblin!
You barely miss the rat. The rat barely misses you.
Your magical contamination has completely faded away.
You closely miss the rat. The rat bites you but does no damage.
You whack the rat!
You kill the rat!
You hit the leopard gecko.
The leopard gecko is almost dead.
The leopard gecko bites you.
Are you sure you want to abandon this character and quit the game? (Confirm with "yes".)

#####.## ##.#
##)###.## ##.#†.#
##.#.# #.#.#######
########.#.......#
...).....#######.#
########## #.# #@#
#l# #.# #........#
#.#####.r.# # l...
.## .# .


You could see a leopard gecko.

Vanquished Creatures
  2 bats (D:1)
  2 hobgoblins (D:1)
  2 kobolds (D:1)
  2 goblins (D:1)
  A rat (D:1)
9 creatures vanquished.

Notes
Turn   | Place    | Note
-------+----------+-------------------------------------------
     0 | D:1      | Chiseanne the Demonspawn Wizard began the quest for the
                  | Orb.
     0 | D:1      | Reached XP level 1. HP: 13/13 MP: 4/4
   448 | D:1      | Gained mutation: You have a pair of small horns on your
                  | head. [demonic ancestry]
   448 | D:1      | Reached XP level 2. HP: 14/19 MP: 1/6
   454 | D:1      | Quit the game

Levels and vault maps discovered:
D:1:      kennysheep_arrival_seaside, layout_loops_ring

Action                   || total
-------------------------++-------
Melee: Whip              ||    21
       Headbutt          ||     1
 Cast: Magic Dart        ||    15
  Use: Potion            ||     1
Armor: Robe              ||     5
Dodge: Dodged            ||    21

Table legend:
 A = Non-vault XP
 B = Vault XP
 C = Vault XP percentage of total XP
 D = Non-vault monster count
 E = Vault monster count
 F = Vault count percentage of total count
                 A         B        C        D         E       F
            +---------+---------+-------+---------+---------+-------
      Total |      15 |       0 |   0.0 |       9 |       0 |   0.0
            +---------+---------+-------+---------+---------+-------
        D:1 |      15 |       0 |   0.0 |       9 |       0 |   0.0
            +---------+---------+-------+---------+---------+-------
